 Dungeon Sprint DCSS version 0.18.1-48-g4cf74bf (webtiles) character file.

16745 tyranidshit the Cleaver (level 12, 0/140 HPs)
             Began as a Troll Berserker on July 22, 2016.
             Was a High Priest of Trog.
             Slain by a soul eater (4 damage)
             ... summoned by Frances
             ... in the Dungeon (Sprint IX: "|||||||||||||||||||||||||||||").
             The game lasted 00:14:12 (1726 turns).

tyranidshit the Cleaver (Troll Berserker)           Turns: 1726, Time: 00:14:13

Health: 0/140      AC: 15    Str: 33 (34) XL:     12   Next: 12%
Magic:  11/11      EV: 18    Int:  3      God:    Trog [*****.]
Gold:   1660       SH:  2    Dex: 12      Spells: 0 memorised, 11 levels left

rFire  + . .     SeeInvis .     y - +6 executioner's axe "Bisoahos" {flame, Str+2 Dex+3}
rCold  + . .     Gourm    +     A - +2 robe {rC+ rF+}
rNeg   . . .     Faith    .     (shield currently unavailable)
rPois  +         Spirit   .     (helmet restricted)
rElec  .         Dismiss  .     x - +2 cloak {rPois}
rCorr  .         Reflect  .     (gloves unavailable)
SustAt .         Harm     .     (boots unavailable)
MR     ++...     Clarity  +     (no amulet)
Stlth  +......... NoTele   +    m - +2 ring of protection
                                l - +2 ring of evasion

@: regenerating, drained, very resistant to hostile enchantments, very
unstealthy
A: unfitting armour, claws 3, hooves 1, large bone plates 1, clarity,
deterioration 1, fast metabolism 3, gourmand, regeneration 2, shaggy fur 1,
tough skin 2
a: Berserk, Trog's Hand, Brothers in Arms, Burn Spellbooks, Renounce Religion


You were in the Dungeon.
You worshipped Trog.
Trog was extremely pleased with you.
You were not hungry.

You visited 1 branch You collected 1935 gold pieces.
You spent 275 gold pieces at shops.

Inventory:

Hand Weapons
 y - the +6 executioner's axe "Bisoahos" (weapon) {flame, Str+2 Dex+3}
   (Trog gifted it to you in the Dungeon)

   It has been specially enchanted to burn those struck by it, causing extra
   injury to most foes and up to half again as much damage against particularly
   susceptible opponents.
   Big, fiery blades are also staple armaments of hydra-hunters.
   It affects your strength (+2).
   It affects your dexterity (+3).
Armour
 x - a +2 cloak of poison resistance (worn)
 z - a +0 swamp dragon armour
 A - a +2 robe of resistance (worn)
Jewellery
 c - an uncursed ring of protection from cold
 l - a +2 ring of evasion (left claw)
 m - a +2 ring of protection (right claw)
 n - an uncursed ring of protection from magic
Wands
 k - a wand of acid (7/15)
Scrolls
 i - 4 scrolls of blinking
 j - 5 scrolls of remove curse
 q - 2 scrolls of identify
 r - a scroll of recharging
 w - 2 scrolls of enchant armour
Potions
 a - 3 potions of resistance
 b - a potion of ambrosia
 d - 7 potions of curing
 e - 2 potions of heal wounds
 f - a potion of invisibility
 g - 4 potions of magic
 h - a potion of berserk rage
 o - 4 potions of cure mutation
 p - a potion of flight
 s - a potion of agility
Comestibles
 t - 40 fruits
 u - 12 bread rations
 v - 9 meat rations


   Skills:
 + Level 14.4(13.9) Fighting
 + Level 14.4(13.9) Axes
 + Level 8.4(8.0) Armour
 + Level 14.4(13.9) Dodging


You had 11 spell levels left.
You didn't know any spells.

Dungeon Overview and Level Annotations

Branches:
Dungeon (1/1)

Altars:
Cheibriados
Dithmenos
Elyvilon
Fedhas
Gozag
Kikubaaqudgha
Makhleb
Nemelex Xobeh
Okawaru
Pakellas
Qazlal
Ru
Sif Muna
Trog
Vehumet
Xom
Yredelemnul
Zin
The Shining One
Beogh
Jiyva
Lugonu

Shops:
D [!*:

Annotations:
D Frances


Innate Abilities, Weirdness & Mutations

You are too large for most types of armour.
You have claws for hands.
Your metabolism is lightning-fast.
You like to eat raw meat.
You heal very quickly.
You are covered in fur (AC +1).
You have very tough skin (AC +2).
You have large cloven feet.
You are partially covered in large bone plates (AC +2, SH +2).
You possess an exceptional clarity of mind.
Your body sometimes deteriorates upon taking damage.


Message History

The soul eater draws from the surrounding life force!
* * * LOW HITPOINT WARNING * * *
Unknown command.
You slice Frances!! You burn Frances! You kick Frances, but do no damage.
Frances is moderately wounded.
You barely miss the soul eater. You block Frances's attack.
Frances barely misses you. The soul eater misses you.
Unknown command.
Your skin crawls.
You feel resistant to hostile enchantments.
You feel slightly more hungry. Frances hits you with a glaive!!
* * * LOW HITPOINT WARNING * * *
The soul eater completely misses you.
You hit Frances but do no damage. You kick Frances, but do no damage.
Frances is lightly wounded.
You closely miss the soul eater. Frances barely misses you.
The soul eater hits you!
* * * LOW HITPOINT WARNING * * *
You feel drained.
You die...

▓▓▓▓▓▓▓▓▓▓▓▓▓▓♣♣♣♣♣♣♣♣♣♣
)..............3@@34....
▓▓▓▓▓▓▓▓▓▓▓▓▓▓▓▓▓▓▓▓▓▓▓▓▓▓▓▓▓▓▓▓▓
'........((((.(())).(....).[.[[[[
▓▓▓▓▓▓▓▓▓▓▓▓▓▓▓▓▓▓▓▓▓▓▓▓▓▓▓▓▓▓▓▓▓
......................(..().(.().
▓▓▓▓▓▓▓▓▓▓▓▓▓▓▓▓▓▓▓▓▓▓▓▓▓▓▓▓▓▓▓▓▓
'.....∩)∩)∩(∩...))')......).).)))
▓▓▓▓▓▓▓▓▓▓▓▓▓▓▓▓▓▓▓▓▓▓▓▓▓▓▓▓▓▓▓▓▓
.................................


You could see Frances, 2 soul eaters and a hellwing.

Vanquished Creatures
  Saint Roka (D)
  A yaktaur captain (D)
  Harold (D)
  A hydra (D)
  A tengu warrior (D)
  Sonja (D)
  An orc knight (D)
  An orc sorcerer (D)
  Joseph (D)
  A gargoyle (D)
  2 spiny frogs (D)
  A troll (D)
  2 blink frogs (D)
  A wyvern (D)
  A hippogriff (D)
  A mottled dragon (D)
  A warg (D)
  2 water moccasins (D)
  3 porcupines (D)
  A sky beast (D)
  4 orc warriors (D)
  A wasp (D)
  A wolf (D)
  2 crocodiles (D)
  3 giant frogs (D)
  A worker ant (D)
  A river rat (D)
  An adder (D)
  A shadow imp (D)
  4 orcs (D)
  A bat (D)
  A bat skeleton (D)
  3 hobgoblins (D)
  A giant newt (D)
50 creatures vanquished.

Vanquished Creatures (collateral kills)
  A frost giant (D)
  A stone giant (D)
  A rakshasa (D)
  2 centaur warriors (D)
  An unseen horror (D)
  A hill giant (D)
  8 orc sorcerers (D)
  A gargoyle (D)
  A vampire mosquito (D)
  9 orc warriors (D)
  8 black bears (D)
  An ogre (D)
  2 giant frogs (D)
  A wight (D)
  2 orc priests (D)
  A hound (D)
  8 orc wizards (D)
  A worker ant (D)
  A sheep (D)
  8 orcs (D)
  A giant gecko skeleton (D)
60 creatures vanquished.

Vanquished Creatures (others)
  A rakshasa (D)
1 creature vanquished.

Grand Total: 111 creatures vanquished

Notes
Turn   | Place    | Note
--------------------------------------------------------------
     0 | D        | tyranidshit the Troll Berserker began the quest for the Orb.
     0 | D        | Reached XP level 1. HP: 22/22 MP: 0/0
    10 | D        | Reached ** piety under Trog
    12 | D        | Banished a spatial maelstrom
    25 | D        | Noticed a sky beast
    25 | D        | Noticed a worker ant
    32 | D        | Reached *** piety under Trog
    32 | D        | Reached XP level 2. HP: 31/31 MP: 1/1
    34 | D        | Received a gift from Trog
    34 | D        | Reached XP level 3. HP: 39/39 MP: 2/2
    43 | D        | Killed a sky beast
    43 | D        | Reached skill level 5 in Fighting
    43 | D        | Reached skill level 5 in Axes
    43 | D        | Reached skill level 5 in Dodging
    43 | D        | Reached XP level 4. HP: 50/50 MP: 3/3
    43 | D        | Reached XP level 5. HP: 57/57 MP: 4/4
    45 | D        | Reached **** piety under Trog
    65 | D        | Found a glowing silver altar of Zin.
    65 | D        | Found a glowing golden altar of the Shining One.
    65 | D        | Found an ancient bone altar of Kikubaaqudgha.
    65 | D        | Found a basalt altar of Yredelemnul.
    65 | D        | Found a shimmering altar of Xom.
    65 | D        | Found a radiant altar of Vehumet.
    66 | D        | Found an iron altar of Okawaru.
    67 | D        | Found a burning altar of Makhleb.
    68 | D        | Found a deep blue altar of Sif Muna.
    69 | D        | Found a bloodstained altar of Trog.
    70 | D        | Found a sparkling altar of Nemelex Xobeh.
    71 | D        | Found a white marble altar of Elyvilon.
    72 | D        | Found a roughly hewn altar of Beogh.
    73 | D        | Found a viscous altar of Jiyva.
    74 | D        | Found a corrupted altar of Lugonu.
    75 | D        | Found a blossoming altar of Fedhas.
    76 | D        | Found a snail-covered altar of Cheibriados.
    77 | D        | Found a shadowy altar of Dithmenos.
    78 | D        | Found a stormy altar of Qazlal.
    79 | D        | Found an opulent altar of Gozag.
    80 | D        | Found a sacrificial altar of Ru.
    81 | D        | Found an oddly glowing altar of Pakellas.
   126 | D        | Noticed an ogre
   131 | D        | Killed an ogre
   139 | D        | Reached XP level 6. HP: 68/68 MP: 5/5
   150 | D        | Noticed a mottled dragon
   150 | D        | Noticed a wyvern
   150 | D        | Noticed a hill giant
   158 | D        | Killed a hill giant
   162 | D        | Killed an unseen horror
   162 | D        | Reached XP level 7. HP: 81/81 MP: 6/6
   174 | D        | Killed a wyvern
   174 | D        | Reached ***** piety under Trog
   181 | D        | Received a gift from Trog
   181 | D        | Reached XP level 8. HP: 38/92 MP: 7/7
   457 | D        | Noticed a spiny frog
   457 | D        | Noticed a blink frog
   457 | D        | Noticed a spiny frog
   468 | D        | Killed a spiny frog
   468 | D        | Reached skill level 10 in Fighting
   468 | D        | Reached skill level 10 in Axes
   468 | D        | Reached skill level 10 in Dodging
   469 | D        | Noticed a four-headed hydra
   474 | D        | Killed a blink frog
   474 | D        | Reached XP level 9. HP: 102/102 MP: 8/8
   477 | D        | Killed a six-headed hydra
   479 | D        | Killed a spiny frog
   484 | D        | Received a gift from Trog
   546 | D        | Received a gift from Trog
   558 | D        | Reached XP level 10. HP: 102/114 MP: 9/9
   623 | D        | Noticed Harold
   641 | D        | Killed Harold
   734 | D        | Reached ****** piety under Trog
   735 | D        | Received a gift from Trog
   770 | D        | Received a gift from Trog
   783 | D        | Received a gift from Trog
   854 | D        | Got a polished giant club {god gift}
   855 | D        | Identified the +4 giant club of Certain Death {venom, rC+ MR+ Stlth-} (Trog gifted it to you in the Dungeon)
   901 | D        | Found Coschis's Book Boutique.
   901 | D        | Noticed an orc sorcerer
   901 | D        | Noticed an orc sorcerer
   901 | D        | Noticed an orc sorcerer
   903 | D        | Noticed an orc sorcerer
   904 | D        | Killed an orc sorcerer
   904 | D        | Received a gift from Trog
   904 | D        | Reached skill level 1 in Armour
   908 | D        | Killed an orc sorcerer
   908 | D        | Killed an orc sorcerer
   910 | D        | Killed an orc sorcerer
   911 | D        | Received a gift from Trog
   920 | D        | Found Hiajo's Assorted Antiques.
   922 | D        | Noticed an orc sorcerer
   923 | D        | Found Nonunt's Distillery.
   924 | D        | Noticed an orc sorcerer
   926 | D        | Noticed an orc sorcerer
   927 | D        | Killed an orc sorcerer
   929 | D        | Found Fehontay's Antique Armour Shop.
   930 | D        | Killed an orc sorcerer
   931 | D        | Killed an orc sorcerer
   931 | D        | Received a gift from Trog
   939 | D        | Noticed an orc sorcerer
   941 | D        | Noticed an orc sorcerer
   945 | D        | Noticed a rust devil
   948 | D        | Killed an orc sorcerer
   950 | D        | Killed an orc sorcerer
   954 | D        | Received a gift from Trog
   976 | D        | Bought a potion of mutation for 32 gold pieces
   976 | D        | Bought a potion of mutation for 32 gold pieces
   978 | D        | Bought a scroll of identify for 48 gold pieces
   978 | D        | Bought a scroll labeled LOLAS NODWYWN for 24 gold pieces
   985 | D        | Got a fine executioner's axe {god gift}
   986 | D        | Identified the +6 executioner's axe "Bisoahos" {flame, Str+2 Dex+3} (Trog gifted it to you in the Dungeon)
  1021 | D        | Gained mutation: You possess an exceptional clarity of mind. [potion of mutation]
  1021 | D        | Gained mutation: You have large cloven feet. [potion of mutation]
  1021 | D        | Gained mutation: You are agile. (Dex +2) [potion of mutation]
  1022 | D        | Gained mutation: You are partially covered in large bone plates (AC +2, SH +2). [potion of mutation]
  1022 | D        | Lost mutation: You are agile. (Dex +2) [potion of mutation]
  1022 | D        | Gained mutation: Your body sometimes deteriorates upon taking damage. [potion of mutation]
  1075 | D        | Bought a glowing cloak for 139 gold pieces
  1140 | D        | Noticed Joseph
  1150 | D        | Killed Joseph
  1165 | D        | Noticed Sonja
  1177 | D        | Killed Sonja
  1177 | D        | Reached XP level 11. HP: 99/126 MP: 10/10
  1350 | D        | Noticed an orc knight
  1357 | D        | Received a gift from Trog
  1359 | D        | Noticed a centaur warrior
  1360 | D        | Noticed a stone giant
  1362 | D        | Noticed a frost giant
  1363 | D        | Killed an orc knight
  1363 | D        | Reached skill level 5 in Armour
  1365 | D        | Noticed a rakshasa
  1376 | D        | Killed a stone giant
  1379 | D        | Killed a frost giant
  1380 | D        | Killed a centaur warrior
  1380 | D        | Received a gift from Trog
  1382 | D        | Noticed a centaur warrior
  1383 | D        | Killed a rakshasa
  1384 | D        | Killed a centaur warrior
  1397 | D        | Noticed a tengu warrior
  1398 | D        | Noticed a yaktaur captain
  1399 | D        | Noticed a rakshasa
  1413 | D        | Killed a tengu warrior
  1438 | D        | Killed a rakshasa
  1546 | D        | Killed a yaktaur captain
  1669 | D        | Noticed Saint Roka
  1685 | D        | Killed Saint Roka
  1685 | D        | Reached XP level 12. HP: 88/140 MP: 11/11
  1692 | D        | Received a gift from Trog
  1714 | D        | Noticed Frances
  1726 | D        | HP: 4/140 [soul eater[Frances] (12)]
  1726 | D        | Slain by a soul eater

Skill      XL: |  1  2  3  4  5  6  7  8  9 10 11 |
---------------+----------------------------------+-----
Dodging        | 3 5 6 8 9 10 11 13 14 | 14.4
Axes           | 3 5 6 8 9 10 11 12 14 | 14.4
Fighting       | 3 5 6 8 9 10 11 12 14 | 14.4
Armour         | 4 8 |  8.4

Action                   |  1- 3 |  4- 6 |  7- 9 | 10-12 || total
-------------------------+-------+-------+-------+-------++-------
Melee: Hand axe          |    29 |     2 |       |       ||    31
       Broad axe         |       |       |    59 |       ||    59
       Battleaxe         |       |       |     2 |    24 ||    26
       Executioner's axe |       |       |       |    82 ||    82
       Kick              |       |       |       |    38 ||    38
Invok: Trog's Hand       |     1 |       |     2 |     6 ||     9
       Berserk           |     1 |       |     2 |     3 ||     6
       Brothers in Arms  |       |     2 |     3 |    10 ||    15
  Use: Potion            |     1 |       |       |     8 ||     9
       Scroll            |       |       |       |     4 ||     4
  Eat: Bread ration      |       |       |     2 |       ||     2
       Meat ration       |       |       |       |     3 ||     3
Armor: Animal skin       |     9 |     1 |    12 |     3 ||    25
       Robe              |       |       |       |    29 ||    29
Dodge: Dodged            |    10 |       |    51 |   103 ||   164
Block: Other             |       |       |       |     8 ||     8
